 Dungeon Crawl Stone Soup version 0.23.2-33-g5129a83184 (webtiles) character file.

Game seed: 2550869165938120258

53 FishyPogo the Stinger (level 3, 0/24 HPs)
             Began as a Demonspawn Venom Mage on Aug 3, 2019.
             Slain by an adder (3 damage)
             ... on level 2 of the Dungeon.
             The game lasted 00:11:49 (1318 turns).

FishyPogo the Stinger (Demonspawn Venom Mage)       Turns: 1318, Time: 00:11:49

Health: 0/24       AC:  5    Str:  8    XL:     3   Next: 64%
Magic:  0/6        EV: 12    Int: 20    God:
Gold:   51         SH:  0    Dex: 13    Spells: 5/6 levels left

rFire    . . .     SeeInvis .   g - +0 club
rCold    . . .     Gourm    .   (no shield)
rNeg     . . .     Faith    .   a - +0 robe
rPois    .         Spirit   .   (no helmet)
rElec    .         Reflect  .   j - +2 cloak
rCorr    .         Harm     .   (no gloves)
MR       .....                  (no boots)
Stlth    ++........             (no amulet)
HPRegen  0.08/turn              h - +3 ring of intelligence
MPRegen  0.10/turn              (no ring)

@: no status effects
A: rot immunity
a: no special abilities


You were on level 2 of the Dungeon.
You were not hungry.

You visited 1 branch of the dungeon, and saw 2 of its levels.

You collected 51 gold pieces.

Inventory:

Hand Weapons
 g - a +0 club (weapon)
Armour
 a - a +0 robe (worn)
 j - a +2 cloak (worn)
Jewellery
 h - a +3 ring of intelligence (left hand)
 i - an uncursed ring of fire
 n - an uncursed amulet of rage
Potions
 d - a potion of curing {unknown}
 f - a potion of brilliance {unknown}
 l - a potion of invisibility {unknown}
 m - a potion of magic {unknown}
Comestibles
 b - 3 chunks of flesh
 c - 3 rations


   Skills:
 + Level 2.1 Dodging
 + Level 2.2 Stealth
 + Level 2.3 Spellcasting
 + Level 1.6 Conjurations
 * Level 3.6 Poison Magic


You had 5 spell levels left.
You knew the following spells:

 Your Spells              Type           Power        Failure   Level  Hunger
a - Sting                 Conj/Pois      ##..         5%          1    #......

Your spell library contained the following spells:

 Spells                   Type           Power        Failure   Level  Hunger
 Poisonous Vapours        Pois/Air       #.....       11%         2    ##.....
 Mephitic Cloud           Conj/Pois/Air  #.......     22%         3    ###....
 Olgreb's Toxic Radiance  Pois           ###.....     32%         4    #####..
 Venom Bolt               Conj/Pois      ##........   82%         5    ######.


Dungeon Overview and Level Annotations

Branches:
Dungeon (2/15)

Altars:

Annotations:
D:2 Robin


Innate Abilities, Weirdness & Mutations

You are immune to rotting.


Message History

The adder barely misses you. The adder bites you.
* * * LOW HITPOINT WARNING * * *
The adder bites you but does no damage.
Casting: Sting (safe; 5% risk of failure)
Confirm with . or Enter, or press ? or * to list all spells.
Aiming: Sting (safe; 5% risk of failure)
Press: ? - help, Shift-Dir - straight line, f/p - adder
Aim: an adder (moderately wounded)
The sting hits the adder but does no damage.
The adder is poisoned.
The adder is moderately wounded.
The adder closely misses you. The adder bites you.
* * * LOW HITPOINT WARNING * * *
The adder misses you.
You miss the adder.
The adder is severely wounded.
The adder looks more healthy.
The adder bites you.
You die...

.....g...# #.........####.##
#§# ##.##.......##...# #.#
#............Sg<.. #.#
#..#.............. #.#
#..#.........##.## #.#
#..##.......###.# #S#
#....#..)..## #.# #)#
#S##.#.....# ##'## #g#
#@##.#.###.###...# #.# #......#
#.##..... ## #.#
####..###♣.♣♣♣....
##...#.#########...##..P♣♣♣...
.............S........♣P..P♣...
###...#.######.##....#♣PP..♣♣..
##.##.# #.##..#.#♣♣P.P♣♣♣. ##
#.# #.##.##.# ♣♣..).♣♣ ...
#.#..##.# ♣♣♣P.♣


You could see an adder.

Vanquished Creatures
  2 gnolls (D:2)
  A dart slug (D:1)
  2 leopard geckos
  A bat (D:1)
  A giant cockroach (D:2)
  9 goblins
  4 hobgoblins
  2 frilled lizards (D:1)
  3 kobolds
  4 rats
29 creatures vanquished.

Vanquished Creatures (others)
  5 plants (D:2)
5 creatures vanquished.

Grand Total: 34 creatures vanquished

Notes
Turn   | Place    | Note
-------+----------+-------------------------------------------
     0 | D:1      | FishyPogo the Demonspawn Venom Mage began the quest for the
                  | Orb.
     0 | D:1      | Reached XP level 1. HP: 13/13 MP: 3/3
   235 | D:1      | Gained mutation: You are immune to rotting. [demonic
                  | ancestry]
   235 | D:1      | Reached XP level 2. HP: 12/19 MP: 0/5
  1050 | D:2      | Reached XP level 3. HP: 24/24 MP: 2/6
  1273 | D:2      | Noticed Robin
  1318 | D:2      | Slain by an adder

Skill      XL: |  1  2 |
---------------+-------+-----
Stealth        | 2 |  2.2
Dodging        | 2 |  2.1
Spellcasting   | |  2.3
Conjurations   | |  1.6
Poison Magic   | |  3.6

Action                   || total
-------------------------++-------
Melee: Unarmed           ||     8
       Club              ||    37
 Cast: Sting             ||    65
  Use: Scroll            ||     2
 Stab: Sleeping          ||     1
  Eat: Chunk             ||     2
Armor: Robe              ||    14
Dodge: Dodged            ||    47
